 Dungeon Crawl Stone Soup version 0.22-a0-601-gb0ed703 (webtiles) character file.

55 vineage the Cudgeler (level 3, -2/23 HPs)
             Began as a Gargoyle Fighter on July 6, 2018.
             Slain by a worm (7 damage)
             ... on level 2 of the Dungeon.
             The game lasted 00:01:30 (712 turns).

vineage the Cudgeler (Gargoyle Fighter)              Turns: 712, Time: 00:01:31

Health: -2/23      AC: 10    Str: 20    XL:     3   Next: 93%
Magic:  3/3        EV:  7    Int:  8    God:
Gold:   45         SH:  9    Dex:  9    Spells: 2/2 levels left

rFire    . . .     SeeInvis .   a - +0 flail
rCold    . . .     Gourm    .   c - +0 shield
rNeg     + . .     Faith    .   b - +0 scale mail
rPois    ∞         Spirit   .   (no helmet)
rElec    +         Reflect  .   (no cloak)
rCorr    .         Harm     .   (no gloves)
MR       .....                  (no boots)
Stlth    ..........             (no amulet)
HPRegen  0.07/turn              (no ring)
MPRegen  0.08/turn              (no ring)

@: no status effects
A: negative energy resistance 1, electricity resistance, unbreathing,
petrification resistance, rot immunity, AC +3
a: no special abilities


You were on level 2 of the Dungeon.
You were not hungry.

You visited 1 branch of the dungeon, and saw 2 of its levels.

You collected 45 gold pieces.

Inventory:

Hand Weapons
 a - a +0 flail (weapon)
Armour
 b - a +0 scale mail (worn)
 c - a +0 shield (worn)
Scrolls
 g - 4 scrolls of identify {unknown}
 i - a scroll of fog {unknown}
 k - a scroll of enchant weapon {unknown}
 l - a scroll of fear {unknown}
Potions
 d - a potion of might
 e - a potion of degeneration {unknown}
 h - a potion of heal wounds {unknown}
 j - a potion of resistance {unknown}
Comestibles
 f - 2 rations


   Skills:
 - Level 3.2 Fighting
 * Level 4.1 Maces & Flails
 - Level 3.2 Armour
 - Level 3.2 Shields


You had 2 spell levels left.
You didn't know any spells.
Your spell library was empty.

Dungeon Overview and Level Annotations

Branches:
Dungeon (2/15)

Altars:
Cheibriados


Innate Abilities, Weirdness & Mutations

You are resistant to torment.
Your stone body is resilient. (AC +3)
You are immune to poison.
You resist negative energy. (rN+)
You are resistant to electric shocks. (rElec)
You can survive without breathing.
You are immune to petrification.
You are immune to rotting.


Message History

The worm is lightly wounded.
You block the worm's attack.
The hobgoblin hits you but does no damage.
You sock the worm!
The worm is severely wounded.
The bat hits you but does no damage. You block the hobgoblin's attack.
You hit the worm.
The worm is almost dead.
The bat closely misses you. The worm bites you.
* * * LOW HITPOINT WARNING * * *
The hobgoblin hits you but does no damage.
You barely miss the worm.
The worm is almost dead.
The bat closely misses you. You block the hobgoblin's attack.
The worm barely misses you.
Your shield and scale mail prevent you from hitting the worm.
The worm is severely wounded.
The bat hits you but does no damage. The hobgoblin closely misses you.
The worm bites you!
You die...

.# ## #.## ..# #...
##.# ...## ### #...
.... ###.# #..# ..#
#.#.########..##g.#
#..<...........@..##..
#....>.........wb....#
#.....######..##..####
#.###.#### #..# ..#
...# #....###..##..#
##.# #.##............
#.....#######.###.##
###...( ..# .. #####
###


You could see a worm, a hobgoblin and a bat.

Vanquished Creatures
  A gnoll (D:1)
  An ooze (D:1)
  A worm (D:2)
  A dart slug (D:1)
  A leopard gecko (D:1)
  3 giant cockroaches (D:1)
  10 hobgoblins (D:1)
  2 jackals (D:1)
  6 kobolds (D:1)
  A frilled lizard (D:1)
  4 rats (D:1)
31 creatures vanquished.

Notes
Turn   | Place    | Note
-------+----------+-------------------------------------------
     0 | D:1      | vineage the Gargoyle Fighter began the quest for the Orb.
     0 | D:1      | Reached XP level 1. HP: 14/14 MP: 1/1
    47 | D:1      | Reached XP level 2. HP: 17/19 MP: 2/2
    51 | D:1      | Reached skill level 3 in Maces & Flails
    75 | D:1      | Reached XP level 3. HP: 21/23 MP: 3/3
   332 | D:1      | Found a snail-covered altar of Cheibriados.
   392 | D:1      | Reached skill level 4 in Maces & Flails
   712 | D:2      | Slain by a worm

Vault maps used:
D:1:      tarquinn_simple_flora_water_d, cheibriados_altar_1
D:2:      gammafunk_temple_overflow_statue,
          chequers_ecumenical_altar_simple_redux, minmay_misc_feat_ornament

Skill      XL: |  1  2  3 |
---------------+----------+-----
Maces & Flails | 3 4 |  4.1
Fighting       | |  3.2
Armour         | |  3.2
Shields        | |  3.2

Action                   || total
-------------------------++-------
Melee: Flail             ||    99
Armor: Scale mail        ||    45
Dodge: Dodged            ||    29
Block: Shield            ||    42

Table legend:
 A = Spawn XP
 B = Non-spawn XP
 C = Spawn XP percentage of total XP
 D = Spawn monster count
 E = Non-spawn monster count
 F = Spawn count percentage of total count
 G = Total turns spent on level
                    A         B        C        D         E        F      G
               +---------+---------+-------+---------+---------+-------+---------
         Total |       0 |      79 |   0.0 |       0 |      31 |   0.0 |   712
               +---------+---------+-------+---------+---------+-------+---------
           D:1 |       0 |      74 |   0.0 |       0 |      30 |   0.0 |   683
           D:2 |       0 |       5 |   0.0 |       0 |       1 |   0.0 |    29
               +---------+---------+-------+---------+---------+-------+---------
